 Dungeon Crawl Stone Soup version 0.29-a0-830-gcb1280458a (webtiles) character file.

Game seed: 7577659786278543682

95 jimonade the Magician (level 4, 0/32 HPs)
             Began as a Gnoll Hedge Wizard on July 11, 2022.
             Slain by a gnoll
             ... wielding a +0 spear
              (4 damage)
             ... on level 4 of the Dungeon on July 12, 2022.
             The game lasted 00:11:09 (5178 turns).

jimonade the Magician (Gnoll Hedge Wizard)          Turns: 5178, Time: 00:11:10

Health: 0/32       AC:  3    Str: 11    XL:     4   Next: 65%
Magic:  6/13       EV: 13    Int: 13    God:
Gold:   182        SH:  5    Dex: 12    Spells: 12/17 levels left

rFire   . . .      SeeInvis .   a - +0 dagger
rCold   . . .      Faith    .   (no shield)
rNeg    . . .      Spirit   .   n - +0 robe
rPois   .          Reflect  +   z - +0 helmet
rElec   .          Harm     .   f - scarf {repulsion}
rCorr   .          Rampage  .   (no gloves)
Will    .....                   (no boots)
Stlth   +++.......              p - amulet of reflection
HPRegen 0.10/turn               (no ring)
MPRegen 0.13/turn               (no ring)

@: repel missiles
A: fangs 1, strong nose, distributed training
a: no special abilities


You were on level 4 of the Dungeon.
You visited 1 branch of the dungeon, and saw 4 of its levels.

You collected 182 gold pieces.

Inventory:

Hand Weapons
 a - a +0 dagger (weapon)
 b - a +0 sling
 h - a +0 short sword
 s - a +0 spear
 w - a +0 long sword
 C - a +0 hand axe
 E - a +0 whip of flaming
 G - a +0 whip
Missiles
 t - 26 stones
 A - 3 boomerangs
Armour
 f - a scarf of repulsion (worn)
 n - a +0 robe (worn)
 u - a +0 ring mail
 z - a +0 helmet (worn)
Jewellery
 p - an amulet of reflection (around neck)
Scrolls
 e - 3 scrolls of vulnerability {unknown}
 g - a scroll of blinking {unknown}
 i - a scroll of enchant armour {unknown}
 k - a scroll of magic mapping {unknown}
 l - 3 scrolls of identify {unknown}
 m - 2 scrolls of noise {unknown}
 o - a scroll of poison {unknown}
 x - 2 scrolls of fog {unknown}
 y - a scroll of fear {unknown}
 D - a scroll of summoning {unknown}
 F - a scroll of enchant weapon {unknown}
 H - a scroll of amnesia {unknown}
Potions
 c - 2 potions of haste {unknown}
 d - 2 potions of magic
 j - 2 potions of heal wounds {unknown}
 q - a potion of curing {unknown}
 r - a potion of ambrosia {unknown}
 v - a potion of mutation {unknown}
 B - a potion of attraction {unknown}


   Skills:
 + Level 1.2 Fighting
 + Level 1.2 Short Blades
 + Level 1.2 Long Blades
 + Level 1.2 Axes
 + Level 1.2 Maces & Flails
 + Level 1.2 Polearms
 + Level 1.2 Staves
 + Level 1.2 Ranged Weapons
 + Level 1.2 Throwing
 + Level 1.2 Armour
 + Level 4.7 Dodging
 + Level 4.3 Stealth
 + Level 1.2 Shields
 + Level 1.2 Unarmed Combat
 + Level 7.2 Spellcasting
 + Level 2.3 Conjurations
 + Level 1.0 Hexes
 + Level 2.3 Summonings
 + Level 1.0 Necromancy
 + Level 2.3 Translocations
 + Level 1.0 Transmutations
 + Level 1.0 Fire Magic
 + Level 1.0 Ice Magic
 + Level 1.0 Air Magic
 + Level 1.0 Earth Magic
 + Level 1.0 Poison Magic
 + Level 1.4 Invocations
 + Level 1.2 Evocations


You had 12 spell levels left.
You knew the following spells:

 Your Spells              Type           Power      Damage    Failure   Level
a - Magic Dart            Conj           40%        1d5       6%          1
b - Blink                 Tloc           20%        N/A       9%          2
c - Call Imp              Summ           10%        N/A       9%          2

Your spell library contained the following spells:

 Spells                   Type           Power      Damage    Failure   Level
 Beastly Appendage        Tmut           14%        N/A       10%         1
 Slow                     Hex            28%        N/A       10%         1
 Wereblood                Tmut           7%         N/A       14%         2
 Conjure Flame            Conj/Fire      9%         6-21      22%         3
 Mephitic Cloud           Conj/Pois/Air  8%         N/A       24%         3
 Ozocubu's Armour         Ice            7%         N/A       28%         3
 Spider Form              Tmut/Pois      7%         N/A       28%         3
 Ozocubu's Refrigeration  Ice            3%         4d5       100%        7


Dungeon Overview and Level Annotations

Branches:
Dungeon (4/15)
 Temple: D:4-7

Altars:
Ashenzari
Nemelex Xobeh

Shops:
D:2 ?

Annotations:
D:2 Robin, Sigmund


Innate Abilities, Weirdness & Mutations

You have very sharp teeth.
Your uncanny sense of smell can sniff out nearby items.
Your experience applies equally to all skills.


Message History

A gnoll comes into view. It is wielding a +1 halberd of venom.
The magic dart hits the endoplasm.
The endoplasm is moderately wounded.
The magic dart hits the endoplasm.
The endoplasm is severely wounded.
You block the endoplasm's attack.
A gnoll comes into view. It is wielding a +0 spear.
The magic dart hits the endoplasm.
You kill the endoplasm!
The magic dart hits the gnoll.
The gnoll is lightly wounded.
The gnoll hits you with a +0 club.
The magic dart hits the gnoll.
The gnoll is heavily wounded.
The gnoll hits you with a +0 club.
The magic dart hits the gnoll.
The gnoll is heavily wounded.
The gnoll closely misses you.
The magic dart hits the gnoll but does no damage.
The gnoll is heavily wounded.
The gnoll hits you but does no damage.
The magic dart hits the gnoll.
The gnoll is almost dead.
The gnoll hits you from afar with a +0 spear.
The gnoll hits you with a +0 club.
You are too injured to fight recklessly!
You are too injured to fight recklessly!
You barely miss the gnoll.
The gnoll is almost dead.
The gnoll barely misses you. The gnoll hits you with a +0 club.
You hit the gnoll but do no damage.
The gnoll is almost dead.
The gnoll hits you from afar with a +0 spear.
* * * LOW HITPOINT WARNING * * *
The gnoll barely misses you.
You barely miss the gnoll.
The gnoll is almost dead.
You block the gnoll's attack.
The gnoll hits you from afar with a +0 spear.
You die...

##.#.# ##...##
###.## ##.....##
#..## ##.......##
##...####.........#
#.......'........<+
##...####.........#
#..## ##....)..##
#.## ##.....## #@#
##...## #g# ##'##
#g# #.# #.# #.#
#.####### ##.##
#.......# #...##
#..####.# .....#
##..####.###...####
##.#.#..............


You could see 2 gnolls.

Vanquished Creatures
  2 gnolls
  An adder (D:2)
  A worm (D:2)
  A dart slug (D:1)
  4 orcs (D:3)
  5 endoplasms
  A giant cockroach (D:1)
  3 goblins
  8 hobgoblins
  2 jackals (D:3)
  3 quokkas
  4 ball pythons
  5 bats
  6 frilled lizards
  8 kobolds
  A rat (D:2)
55 creatures vanquished.

Vanquished Creatures (others)
  2 withered plants (D:2)
2 creatures vanquished.

Grand Total: 57 creatures vanquished

Notes
Turn   | Place    | Note
-------+----------+-------------------------------------------
     0 | D:1      | jimonade the Gnoll Hedge Wizard began the quest for the
                  | Orb.
     0 | D:1      | Reached XP level 1. HP: 13/13 MP: 8/8
   378 | D:1      | Reached XP level 2. HP: 16/19 MP: 3/10
   819 | D:1      | Learned a level 2 spell: Blink
   822 | D:1      | Learned a level 2 spell: Call Imp
  1437 | D:2      | Reached XP level 3. HP: 19/25 MP: 4/11
  1654 | D:2      | Reached skill level 1 in Invocations
  1700 | D:2      | Noticed Sigmund
  2492 | D:2      | Found a faded altar of an unknown god.
  2591 | D:2      | Found a broken altar of Ashenzari.
  2759 | D:2      | Found Ququomyu's Magic Scroll Shoppe.
  2905 | D:2      | Reached skill level 1 in Fighting
  2905 | D:2      | Reached skill level 1 in Short Blades
  2905 | D:2      | Reached skill level 1 in Long Blades
  2905 | D:2      | Reached skill level 1 in Axes
  2905 | D:2      | Reached skill level 1 in Maces & Flails
  2905 | D:2      | Reached skill level 1 in Polearms
  2905 | D:2      | Reached skill level 1 in Staves
  2905 | D:2      | Reached skill level 1 in Ranged Weapons
  2905 | D:2      | Reached skill level 1 in Throwing
  2905 | D:2      | Reached skill level 1 in Armour
  2905 | D:2      | Reached skill level 1 in Shields
  2905 | D:2      | Reached skill level 1 in Unarmed Combat
  2905 | D:2      | Reached skill level 1 in Evocations
  3175 | D:2      | Noticed Robin
  3441 | D:3      | Reached XP level 4. HP: 32/32 MP: 7/13
  4130 | D:3      | Reached skill level 1 in Hexes
  4130 | D:3      | Reached skill level 1 in Necromancy
  4130 | D:3      | Reached skill level 1 in Transmutations
  4130 | D:3      | Reached skill level 1 in Fire Magic
  4130 | D:3      | Reached skill level 1 in Ice Magic
  4130 | D:3      | Reached skill level 1 in Air Magic
  4130 | D:3      | Reached skill level 1 in Earth Magic
  4130 | D:3      | Reached skill level 1 in Poison Magic
  4882 | D:4      | Found a sparkling altar of Nemelex Xobeh.
  4902 | D:4      | Noticed a scorpion
  5029 | D:4      | Noticed an ogre
  5097 | D:4      | Noticed a necrophage
  5178 | D:4      | Slain by a gnoll

Illustrated notes

Levels and vault maps discovered:
D:1:      sevenhm_arrival_forest_fort_small_3, layout_basic
D:2:      layout_basic, basic_altar, shapermc_ecumenical_altar_flowoftime,
          serial_shops, shop, hangedman_decor_riveting, due_unseen_surprise,
          uniq_sigmund, uniq_robin
D:3:      layout_loops_corners
D:4:      layout_loops_corners, mainiacjoe_overflow_six_doors_small,
          marbit_many_paths, uniq_natasha

Skill      XL: |  1  2  3  4 |
---------------+-------------+-----
Conjurations   | 2 |  2.3
Summonings     | 2 |  2.3
Translocations | 2 |  2.3
Invocations    | 1 |  1.4
Fighting       | 1 |  1.2
Short Blades   | 1 |  1.2
Long Blades    | 1 |  1.2
Axes           | 1 |  1.2
Maces & Flails | 1 |  1.2
Polearms       | 1 |  1.2
Staves         | 1 |  1.2
Ranged Weapons | 1 |  1.2
Throwing       | 1 |  1.2
Armour         | 1 |  1.2
Shields        | 1 |  1.2
Unarmed Combat | 1 |  1.2
Evocations     | 1 |  1.2
Hexes          | 1 |  1.0
Necromancy     | 1 |  1.0
Transmutations | 1 |  1.0
Fire Magic     | 1 |  1.0
Ice Magic      | 1 |  1.0
Air Magic      | 1 |  1.0
Earth Magic    | 1 |  1.0
Poison Magic   | 1 |  1.0
Dodging        | |  4.7
Stealth        | |  4.3
Spellcasting   | |  7.2

Action                   |  1- 3 |  4- 6 || total
-------------------------+-------+-------++-------
Melee: Dagger            |    21 |    12 ||    33
       Bite              |     4 |     1 ||     5
 Cast: Magic Dart        |   112 |    52 ||   164
       Call Imp          |     4 |     2 ||     6
       Blink             |       |     1 ||     1
 Stab: Sleeping          |     2 |     1 ||     3
Armor: Robe              |     6 |     3 ||     9
Dodge: Dodged            |    22 |    30 ||    52
Block: Other             |     3 |    13 ||    16

Table legend: (Time is in decaauts)
 A = Elapsed time spent in this place.
 B = Non-inter-level travel time spent in this place.
 C = Inter-level travel time spent in this place.
 D = Time resting spent in this place.
 E = Time spent auto-exploring this place.
 F = Levels seen in this place.
 G = Mean time per level.
                   A        B        C        D        E       F      G
               +--------+--------+--------+--------+--------+-----+--------+
         Total |   5178 |   4973 |    205 |   1529 |   2004 |   4 | 1294.5 |
       Dungeon |   5178 |   4973 |    205 |   1529 |   2004 |   4 | 1294.5 |
               +--------+--------+--------+--------+--------+-----+--------+

Top non-repeatable levels by time:
     D:1: 1935 daAuts
     D:2: 1641 daAuts
     D:3: 1345 daAuts
     D:4: 256 daAuts
